 Dungeon Crawl Stone Soup version 0.30-a0-587-gfd7c166f36 (webtiles) character file.

Game seed: 1887091412693897982

965 Citaku the Covered (level 7, -1/63 HPs)
             Began as a Minotaur Fighter on Jan 4, 2023.
             Was an Initiate of Wu Jian.
             Slain by Sigmund
             ... wielding a +0 scythe
              (4 damage)
             ... on level 6 of the Dungeon.
             The game lasted 00:09:31 (5118 turns).

Citaku the Covered (Minotaur Fighter)               Turns: 5118, Time: 00:09:32

Health: -1/63      AC:  0    Str: 22    XL:     7   Next: 93%
Magic:  0/6        EV: 13    Int:  5    God:    Wu Jian [......]
Gold:   376        SH:  0    Dex:  8    Spells: 6/6 levels left

rFire   . . .      SeeInvis .    (weapon currently unavailable)
rCold   . . .      Faith    .    (shield currently unavailable)
rNeg    . . .      Spirit   +    (body armour currently unavailable)
rPois   .          Reflect  .    (helmet currently unavailable)
rElec   .          Harm     .    (cloak currently unavailable)
rCorr   .          Rampage  .    (gloves currently unavailable)
Will    .....                    (boots currently unavailable)
Stlth   +                        l - amulet of guardian spirit
HPRegen 0.30/turn                (ring currently unavailable)
MPRegen 0.10/turn                (ring currently unavailable)

@: mighty, pig-form, very quick
A: fast, no casting, small, (horns 2), (retaliatory headbutt), clumsy 1,
screaming 1, MP-powered wands
a: Renounce Religion


You were on level 6 of the Dungeon.
You worshipped Wu Jian.
Wu Jian was noncommittal.
You were a filthy swine.
You visited 1 branch of the dungeon, and saw 6 of its levels.
You also visited: Sewer.

You collected 376 gold pieces.

Inventory:

Hand Weapons
 a - a +0 war axe (melded)
Armour
 c - a +0 buckler (melded)
 j - the +3 leather armour "Zuadgh" (melded) {rPois Stlth+}
   (You found it on level 4 of the Dungeon)

   rPois:     It protects you from poison.
   Stlth:     It makes you more stealthy.
 t - a +0 cloak (melded)
Jewellery
 l - an amulet of guardian spirit (around neck)
Wands
 s - a wand of flame (17)
Scrolls
 g - 2 scrolls of teleportation
 h - 2 scrolls of magic mapping
 i - 3 scrolls of enchant weapon
 m - a scroll of butterflies
 n - a scroll of identify
 o - 2 scrolls of fog
Potions
 b - a potion of heal wounds {unknown}
 e - a potion of mutation
 f - 2 potions of magic {unknown}
 p - a potion of brilliance {unknown}
 q - a potion of berserk rage {unknown}
 r - a potion of lignification
 v - 3 potions of haste {unknown}


   Skills:
 + Level 6.0 Fighting
 * Level 7.3 Axes
 * Level 7.8 Armour
 - Level 3.6 Shields


You had 6 spell levels left.
You didn't know any spells.
Your spell library was empty.

Dungeon Overview and Level Annotations

Branches:
Dungeon (6/15)              Sewer (visited)
 Temple: D:4-7

Altars:
Sif Muna
Wu Jian
The Shining One

Annotations:
D:6 Sigmund


Innate Abilities, Weirdness & Mutations

You are a filthy swine.
You move quickly.
Your equipment is almost entirely melded.
You are incapable of wielding weapons or throwing items.
You cannot cast spells.
((You have a pair of horns on your head.))
((You reflexively headbutt those who attack you in melee.))
You are clumsy. (Dex -2)
You occasionally shout uncontrollably at your foes.
You expend magic power (3 MP) to strengthen your wands.


Message History

Really quaff the potion of mutation?
You feel extremely strange.
Your vision seems duller.
You feel clever.
You feel clumsy.
You feel the urge to shout.
You feel your magical essence link to the dungeon's wands.
You feel better.
You feel less porcine.
Your +0 war axe unmelds from your body.
Your +0 cloak unmelds from your body.
Your +0 buckler unmelds from your body.
The +3 leather armour "Zuadgh" {rPois Stlth+} unmelds from your body.
Something hits you.
Deactivating autopickup; reactivate with Ctrl-A.
Something hits you!
You miss something. Something hits you.
You slash something!
You hear a zap.
Something tries to affect you, but you resist.
You completely miss something. Your headbutt misses something.
You hear a zap.
Something tries to affect you, but you resist.
You closely miss something.
You hear a zap.
You turn into a filthy swine.
Your +0 war axe melds into your body.
Your +0 cloak melds into your body.
Your +0 buckler melds into your body.
The +3 leather armour "Zuadgh" {rPois Stlth+} melds into your body.
Something hits you!
* * * LOW HITPOINT WARNING * * *
You hit something but do no damage. You closely miss something.
Something hits you.
* * * LOW HITPOINT WARNING * * *
You barely miss something. You hit something but do no damage.
Something hits you.
* * * LOW HITPOINT WARNING * * *
You feel very mighty all of a sudden.
You hear some strange, mumbled words.
A magic dart appears from out of thin air!
The magic dart hits you.
* * * LOW HITPOINT WARNING * * *
You closely miss something. Something hits you.
You die...

# #######
#.####.....#
#....#.....#
####.#.....#
#########.'.)...#
.........##{....#
.#######.##h....#
#.#....###
#####.####.#
#.....<..#.#
#.######.#.# #.#
.# .. #.


There were no monsters in sight!

Vanquished Creatures
  Prince Ribbit (D:5)
  A phantom (D:4)
  3 kobold brigands (Sewer)
  A scorpion (D:4)
  2 hounds (D:5)
  3 orc priests (D:5)
  An iguana (D:5)
  2 orc wizards
  6 adders
  A river rat (D:3)
  A white imp (D:5)
  4 worms
  4 dart slugs
  21 orcs
  7 bats
  13 endoplasms
  2 giant cockroaches
  6 goblins
  5 hobgoblins
  8 kobolds
  6 quokkas
  9 ball pythons
  2 frilled lizards
  15 rats
124 creatures vanquished.

Vanquished Creatures (others)
  3 plants (D:4)
3 creatures vanquished.

Grand Total: 127 creatures vanquished

Notes
Turn   | Place    | Note
-------+----------+-------------------------------------------
     0 | D:1      | Citaku the Minotaur Fighter began the quest for the Orb.
     0 | D:1      | Reached XP level 1. HP: 19/19 MP: 0/0
   107 | D:1      | Reached XP level 2. HP: 21/27 MP: 1/1
   443 | D:1      | Reached XP level 3. HP: 30/33 MP: 2/2
  1254 | D:2      | Reached XP level 4. HP: 40/40 MP: 3/3
  1850 | D:3      | Reached skill level 5 in Armour
  2124 | D:3      | Found a glowing drain.
  2148 | D:3      | Reached XP level 5. HP: 38/47 MP: 4/4
  2169 | Sewer    | Entered a sewer
  2297 | Sewer    | Reached skill level 5 in Axes
  2377 | Sewer    | Reached skill level 5 in Fighting
  2377 | Sewer    | Reached XP level 6. HP: 14/56 MP: 3/5
  2929 | Sewer    | Gained mutation: You have supernaturally acute eyesight.
                  | (SInv) [potion of mutation]
  2929 | Sewer    | Gained mutation: You are dopey. (Int -2) [potion of
                  | mutation]
  3243 | D:3      | Found an ornate altar of the Wu Jian Council.
  3249 | D:3      | Became a worshipper of the Wu Jian Council
  3472 | D:4      | Reached XP level 7. HP: 59/61 MP: 6/6
  3552 | D:4      | Identified the +3 leather armour "Zuadgh" {rPois Stlth+}
  3959 | D:4      | Found a glowing golden altar of the Shining One.
  4185 | D:5      | Entered Level 5 of the Dungeon
  4622 | D:5      | Found a shimmering blue altar of Sif Muna.
  4781 | D:5      | Noticed Prince Ribbit
  4787 | D:5      | Killed Prince Ribbit
  5077 | D:6      | Noticed Sigmund
  5105 | D:6      | Lost mutation: You have supernaturally acute eyesight.
                  | (SInv) [potion of mutation]
  5105 | D:6      | Lost mutation: You are dopey. (Int -2) [potion of mutation]
  5105 | D:6      | Gained mutation: You are clumsy. (Dex -2) [potion of
                  | mutation]
  5105 | D:6      | Gained mutation: You occasionally shout uncontrollably at
                  | your foes. [potion of mutation]
  5105 | D:6      | Gained mutation: You expend magic power (3 MP) to
                  | strengthen your wands. [potion of mutation]
  5117 | D:6      | HP: 3/63 [something/magic dart (5)]
  5118 | D:6      | Slain by Sigmund

Illustrated notes

Levels and vault maps discovered:
D:1:      dpeg_arrival_rhombus, layout_loops_cross
D:2:      layout_basic, serial_aquarium, aquarium_bridge_island_small
          [aquarium_subvault_small_open, aquarium_subvault_bridge,
          aquarium_subvault_balcony, aquarium_subvault_bridge,
          aquarium_subvault_wall], aquarium_window_1, aquarium_window_1,
          aquarium_view_2d, aquarium_view_2c, aquarium_balcony_3b,
          aquarium_pool_2
D:3:      layout_loops_ring, mainiacjoe_overflow_alcove_2, portal_sewer_entry_c,
          roderic_serpentine_path
D:4:      layout_cave_pods, tso_oasis_becter
D:5:      layout_basic, mainiacjoe_overflow_surrounded_room, serial_shops, shop,
          uniq_prince_ribbit1
D:6:      layout_basic, kennysheep_mini_moat,
          minmay_temple_entry_enclosed_plants, serial_shops,
          nicolae_shop_hallway_stairs, uniq_sigmund

Skill      XL: |  1  2  3  4  5  6  7 |
---------------+----------------------+-----
Armour         | 4 5 6 7 |  7.8
Axes           | 3 4 5 6 7 |  7.3
Fighting       | 4 5 6 |  6.0
Shields        | |  3.6

Action                   |  1- 3 |  4- 6 |  7- 9 || total
-------------------------+-------+-------+-------++-------
Melee: War axe           |    70 |   174 |    66 ||   310
       Headbutt          |     8 |    22 |     9 ||    39
       Unarmed           |       |       |    17 ||    17
Invok: Lunge             |       |     1 |     7 ||     8
  Use: Potion            |       |     7 |     3 ||    10
       Scroll            |       |     9 |       ||     9
 Stab: Sleeping          |       |       |     2 ||     2
Armor: Scale mail        |    53 |    67 |       ||   120
       Leather armour    |       |       |    18 ||    18
Dodge: Dodged            |    46 |    53 |    27 ||   126
Block: Buckler           |    24 |    29 |     8 ||    61

Table legend: (Time is in decaauts)
 A = Elapsed time spent in this place.
 B = Non-inter-level travel time spent in this place.
 C = Inter-level travel time spent in this place.
 D = Time resting spent in this place.
 E = Time spent auto-exploring this place.
 F = Levels seen in this place.
 G = Mean time per level.
                   A        B        C        D        E       F      G
               +--------+--------+--------+--------+--------+-----+--------+
         Total |   5269 |   5269 |      0 |    220 |   3710 |   7 |  752.7 |
       Dungeon |   4341 |   4341 |      0 |     25 |   3228 |   6 |  723.5 |
         Sewer |    927 |    927 |      0 |    195 |    482 |   1 |  927.0 |
               +--------+--------+--------+--------+--------+-----+--------+

Top non-repeatable levels by time:
     D:3: 980 daAuts
   Sewer: 927 daAuts
     D:4: 889 daAuts
     D:5: 882 daAuts
     D:1: 772 daAuts
     D:2: 762 daAuts
     D:6: 54 daAuts
